AoeStats
← Runxi24

Arena

506079026Analyzed
4v4 RM · 20d ago on Sep 12, 2026· 49m 12s· 8 players
Game mode
Random Map
Map size
Large (8 player)
Population
200
Speed
Normal
Resources
Standard
Victory
Conquest
Starting age
Dark Age
Ending age
Imperial Age
RankedLock teamsTeams togetherTeam positionsShared explorationLock speedFull tech treeHidden civsTurbo modeCheats
Victory
Defeat
🇨🇳 Britons · China
1185
+18
🇦🇺 Inca · Australia
1157
+19
🇪🇸 Spanish · Spain
1137
+20
🇩🇪 Khmer · Germany
1103
+21
🇪🇸 Bohemians · Spain
1267
-21
🇫🇷 Teutons · France
1236
-20
🇨🇳 Persians · China
1205
-19
🇳🇱 Malians · Netherlands
1191
-18
MrBigPotato
10:00 Feudal Age
15:26 Castle Age
13:54 Double-Bit Axe
13:51 Horse Collar
15:25 Gold Mining
20:14 Bow Saw
21:43 Forging
23:19 Stone Mining
23:31 Heavy Plow
24:45 Wheelbarrow
29:08 Imperial Age
27:28 Hand Cart
28:03 Bloodlines
28:02 Scale Mail Armor
30:27 Iron Casting
30:07 Chain Mail Armor
30:55 Two-Man Saw
30:27 Crop Rotation
30:02 Town Watch
29:47 Pikeman
30:27 Squires
30:12 Arson
33:26 Blast Furnace
32:57 Plate Mail Armor
33:08 Halberdier
34:00 Fletching
36:02 Ballistics
36:43 Chemistry
40:03 Elite Skirmisher
40:48 Bodkin Arrow
40:53 Padded Archer Armor
41:23 Conscription
41:24 Elite Skirmisher
43:47 Fortified Wall
DEG
5:06 Loom
11:35 Feudal Age
13:38 Double-Bit Axe
16:00 Castle Age
14:32 Horse Collar
18:16 Bow Saw
19:11 Gold Mining
21:16 Scale Mail Armor
26:17 Chain Mail Armor
26:13 Forging
28:19 Heavy Plow
29:17 Wheelbarrow
32:17 Fletching
37:30 Squires
37:16 Arson
38:00 Hand Cart
40:02 Iron Casting
39:24 Bodkin Arrow
40:29 Bloodlines
40:20 Husbandry
41:05 Scale Barding Armor
47:19 Imperial Age
46:12 Ballistics
47:04 Gold Shaft Mining
46:24 Stone Mining
47:19 Chain Barding Armor
48:10 Elite Gbeto
49:12 Conscription
Runxi24
10:57 Feudal Age
14:35 Castle Age
12:32 Double-Bit Axe
12:54 Horse Collar
16:33 Bow Saw
18:49 Town Watch
20:33 Heavy Plow
24:17 Wheelbarrow
24:49 Fervor
25:00 Sanctity
25:48 Chemistry
25:50 Pikeman
27:04 Hand Cart
30:00 Imperial Age
28:23 Fletching
29:40 Elite Skirmisher
30:19 Bodkin Arrow
30:28 Padded Archer Armor
32:31 Siege Engineers
32:36 Bracer
33:12 Loom
33:52 Conscription
33:46 Squires
33:10 Halberdier
34:15 Scale Mail Armor
34:26 Forging
45:13 Houfnice
727049154
8:10 Loom
9:57 Feudal Age
15:08 Castle Age
13:10 Double-Bit Axe
13:14 Horse Collar
16:01 Bow Saw
22:10 Heavy Plow
24:17 Wheelbarrow
24:23 Wheelbarrow
25:19 Hand Cart
25:28 Loom
26:46 Gold Mining
26:47 Stone Mining
29:34 Imperial Age
27:25 Scale Barding Armor
27:30 Forging
28:03 Gold Shaft Mining
27:46 Masonry
27:41 Husbandry
28:24 Bloodlines
29:05 Stone Shaft Mining
28:53 Chain Barding Armor
29:16 Cavalier
30:36 Crop Rotation
31:36 Two-Man Saw
31:49 Savar
34:40 Chemistry
34:56 Plate Barding Armor
34:56 Iron Casting
37:47 Fletching
38:59 Blast Furnace
37:51 Fletching
38:44 Conscription
39:04 Squires
39:52 Guilds
39:49 Scale Mail Armor
39:10 Pikeman
40:07 Halberdier
42:32 Chain Mail Armor
42:16 Bodkin Arrow
43:26 Town Watch
45:32 Caravan
46:04 Plate Mail Armor
[2ZKA] VonWegen
10:58 Feudal Age
13:58 Castle Age
12:23 Double-Bit Axe
12:19 Horse Collar
19:22 Town Watch
21:07 Gold Mining
23:05 Wheelbarrow
22:43 Bow Saw
22:39 Heavy Plow
24:19 Gold Shaft Mining
24:26 Stone Mining
25:35 Hand Cart
26:16 Bloodlines
26:07 Husbandry
26:26 Scale Barding Armor
26:32 Forging
28:54 Imperial Age
26:34 Loom
28:10 Stone Shaft Mining
27:58 Chain Barding Armor
28:44 Iron Casting
29:09 Elite Battle Elephant
30:29 Plate Barding Armor
31:46 Blast Furnace
33:27 Tusk Swords
38:51 Conscription
38:26 Fletching
39:39 Chemistry
38:35 Murder Holes
39:04 Ballistics
41:09 Bodkin Arrow
41:21 Town Patrol
41:58 Heavy Scorpion
43:10 Bracer
43:18 Siege Engineers
45:17 Murder Holes
45:32 Fortified Wall
cuchoff
11:22 Feudal Age
15:06 Castle Age
13:28 Double-Bit Axe
13:36 Horse Collar
14:50 Gold Mining
15:00 Stone Mining
15:25 Bloodlines
18:47 Scale Barding Armor
19:03 Forging
23:34 Husbandry
24:09 Padded Archer Armor
25:37 Wheelbarrow
27:53 Town Watch
27:54 Loom
31:07 Imperial Age
29:23 Iron Casting
31:15 Chain Barding Armor
30:56 Pikeman
31:59 Town Watch
32:53 Plate Barding Armor
31:41 Cavalier
34:17 Blast Furnace
33:17 Scale Mail Armor
33:26 Halberdier
36:38 Squires
36:54 Chain Mail Armor
38:07 Plate Mail Armor
38:04 Hand Cart
39:34 Conscription
39:00 Paladin
40:35 Arson
凯里小风风
10:51 Feudal Age
11:31 Double-Bit Axe
11:48 Loom
12:48 Horse Collar
15:13 Castle Age
16:35 Bow Saw
16:29 Gold Mining
17:02 Stone Mining
22:57 Wheelbarrow
27:03 Imperial Age
24:44 Fletching
25:04 Heavy Plow
25:07 Padded Archer Armor
25:00 Town Watch
25:54 Bodkin Arrow
27:04 Leather Archer Armor
26:30 Crossbowman
27:34 Leather Archer Armor
28:20 Bracer
27:41 Arbalester
29:45 Two-Man Saw
30:22 Gold Shaft Mining
30:11 Hand Cart
31:44 Chemistry
31:50 Conscription
32:33 Ring Archer Armor
32:27 Ballistics
32:34 Town Patrol
33:45 Yeomen
33:38 Forging
33:54 Scale Mail Armor
35:25 Iron Casting
36:49 Chain Mail Armor
37:07 Coinage
38:39 Banking
39:32 Caravan
40:33 Plate Mail Armor
41:04 Blast Furnace
40:58 Masonry
40:39 Heated Shot
40:29 Treadmill Crane
40:45 Murder Holes
47:43 Warwolf
47:51 Scale Barding Armor
49:27 Chain Barding Armor
ufokinw0tm8
10:25 Feudal Age
11:35 Loom
14:26 Castle Age
13:54 Double-Bit Axe
13:53 Horse Collar
16:54 Wheelbarrow
34:32 Imperial Age
38:10 Forging
40:22 Fletching
45:48 Elite Skirmisher
Connection lost

Rejoining the realm…

Still unreachable

The connection could not be restored.

Session expired

The server has moved on; the page needs a fresh start.